 Dungeon Crawl Stone Soup version 0.23.2-32-g37ab1d4649 (webtiles) character file.

Game seed: 9086244574979834501

91 FABLE the Cudgeler (level 4, 0/40 HPs)
             Began as a Draconian Berserker on June 25, 2019.
             Was a Believer of Trog.
             Succumbed to a worker ant's poison
             ... in the Ecumenical Temple.
             The game lasted 00:12:24 (1264 turns).

FABLE the Cudgeler (Draconian Berserker)            Turns: 1264, Time: 00:12:24

Health: 0/40       AC:  5    Str: 20    XL:     4   Next: 33%
Magic:  4/4        EV: 13    Int:  7    God:    Trog [**....]
Gold:   111        SH:  0    Dex: 11    Spells: 3/3 levels left

rFire    . . .     SeeInvis .   c - +0 spear
rCold    . . .     Gourm    .   (no shield)
rNeg     . . .     Faith    .   (armour unavailable)
rPois    .         Spirit   .   (helmet restricted)
rElec    .         Reflect  .   (no cloak)
rCorr    .         Harm     .   (no gloves)
MR       .....                  (no boots)
Stlth    +.........             o - amulet of rage
HPRegen  0.13/turn              (no ring)
MPRegen  0.09/turn              (no ring)

@: lethally poisoned (0 -> -1), flying
A: unfitting armour, cold-blooded, AC +5
a: Berserk, Trog's Hand, Renounce Religion, Evoke Berserk Rage


You were in the Ecumenical Temple.
You worshipped Trog.
Trog was pleased with you.
You were not hungry.

You visited 2 branches of the dungeon, and saw 5 of its levels.

You collected 111 gold pieces.

Inventory:

Hand Weapons
 a - a +0 mace
 c - a +0 spear (weapon)
 g - a +0 flail
 l - a +0 dagger
Missiles
 d - 111 stones (quivered)
 f - 17 arrows
 k - 15 bolts
 q - 15 sling bullets
Armour
 h - a +2 animal skin
 i - a +1 helmet
Jewellery
 o - an amulet of rage (around neck)
Wands
 p - a wand of random effects (14)
Scrolls
 e - a scroll of remove curse
Potions
 j - a potion of flight
 r - a potion of ambrosia
Comestibles
 b - a ration
 n - 9 chunks of flesh


   Skills:
 + Level 3.8 Fighting
 + Level 4.1 Maces & Flails
 + Level 0.4 Polearms
 + Level 0.4 Throwing
 + Level 3.3 Dodging


You had 3 spell levels left.
You didn't know any spells.
Your spell library was empty.

Dungeon Overview and Level Annotations

Branches:
Dungeon (4/15)             Temple (1/1) D:4

Altars:
Nemelex Xobeh


Innate Abilities, Weirdness & Mutations

Your plain brown scales are hard. (AC +5)
You cannot fit into any form of body armour.
You are cold-blooded and may be slowed by cold attacks.


Message History

You feel sick.
A slave comes into view. x2
You feel sick.
There is an open door here.
You see here a worker ant corpse.
Throwing (i - inventory)
d - 112 stones (quivered)
Press: ? - help, Shift-Dir - straight line, f - slave
Aim: a slave, wearing a +0 animal skin You throw a stone.
The stone hits the slave but does no damage.
You feel sick.
You feel sick. The slave hits you.
* * * LOW HITPOINT WARNING * * *
There is an open door here.
There is a staircase to the Ecumenical Temple here.
The slave hits you.
* * * LOW HITPOINT WARNING * * *
You fly downwards.
Welcome to the Ecumenical Temple!
You die...

. . .♣. ... ♣.♣
♣♣.♣♣ ♣♣...♣♣
...♣♣.....♣♣...
♣....@....♣
♣♣♣..p..♣♣♣
♣♣...♣♣ .♣♣♣.
♣♣ ♣♣


You could see a slave.

Vanquished Creatures
  2 worker ants
  Robin (D:2)
  A leopard gecko (D:3)
  An orc (D:3)
  2 bats
  A giant cockroach (D:1)
  A hobgoblin (D:1)
  5 jackals (D:1)
  3 frilled lizards
  7 goblins
  2 kobolds (D:1)
  A leopard gecko skeleton (D:4)
  5 rats
32 creatures vanquished.

Vanquished Creatures (others)
  A ball python (D:2)
1 creature vanquished.

Grand Total: 33 creatures vanquished

Notes
Turn   | Place    | Note
-------+----------+-------------------------------------------
     0 | D:1      | FABLE the Draconian Berserker began the quest for the Orb.
     0 | D:1      | Reached XP level 1. HP: 19/19 MP: 1/1
   236 | D:1      | Reached XP level 2. HP: 18/26 MP: 2/2
   529 | D:2      | Noticed Robin
   552 | D:2      | Killed Robin
   552 | D:2      | Reached XP level 3. HP: 21/33 MP: 3/3
   682 | D:2      | Reached ** piety under Trog
  1010 | D:3      | Found a sparkling altar of Nemelex Xobeh.
  1115 | D:3      | Reached skill level 4 in Maces & Flails
  1193 | D:4      | Found a staircase to the Ecumenical Temple.
  1231 | D:4      | Reached XP level 4. HP: 10/40 MP: 4/4
  1247 | D:4      | Noticed a slave
  1250 | D:4      | Noticed a slave
  1250 | D:4      | Noticed a slave
  1263 | D:4      | HP: 1/40 [slave[Pikel] (4)]
  1264 | Temple   | Entered the Ecumenical Temple
  1264 | Temple   | Succumbed to a worker ant's poison

Skill      XL: |  1  2  3 |
---------------+----------+-----
Dodging        | 3 |  3.3
Maces & Flails | 4 |  4.1
Fighting       | |  3.8
Polearms       | |  0.4
Throwing       | |  0.4

Action                   |  1- 3 |  4- 6 || total
-------------------------+-------+-------++-------
Melee: Mace              |    43 |       ||    43
       Tailslap          |    11 |     1 ||    12
       Spear             |    72 |     2 ||    74
Throw: Stone             |    20 |     1 ||    21
Invok: Berserk           |     1 |       ||     1
       Trog's Hand       |     1 |       ||     1
Evoke: Wand              |     1 |       ||     1
  Use: Scroll            |     7 |     1 ||     8
       Potion            |     3 |       ||     3
  Eat: Ration            |     1 |       ||     1
Armor: Skin              |    36 |     2 ||    38
Dodge: Dodged            |    88 |     1 ||    89
